 Dungeon Crawl Stone Soup version 0.25-a0-1024-gbfbf38f2cb (webtiles) character file.

Game seed: 5368038090736995636, levelgen mode: classic

3084 Amnesiac the Carver (level 9, -3/50 HPs)
             Began as a Deep Elf Fighter on May 12, 2020.
             Was a Follower of Okawaru.
             Killed from afar by an orc wizard (9 damage)
             ... with a magic dart
             ... on level 8 of the Dungeon.
             The game lasted 00:21:58 (10765 turns).

Amnesiac the Carver (Deep Elf Fighter)             Turns: 10765, Time: 00:21:58

Health: -3/50      AC: 15    Str: 16    XL:     9   Next: 58%
Magic:  22/22      EV:  1    Int: 14    God:    Okawaru [*.....]
Gold:   108        SH: 13    Dex: 14    Spells: 8/8 levels left

rFire    . . .     SeeInvis .   a - +3 scimitar (holy)
rCold    . . .     Gourm    .   A - +0 tower shield
rNeg     . . .     Faith    .   G - +0 plate armour
rPois    .         Spirit   .   x - +0 helmet
rElec    .         Reflect  .   (no cloak)
rCorr    .         Harm     .   (no gloves)
MR       .....                  n - +2 pair of boots
Stlth    ..........             (no amulet)
HPRegen  0.16/turn              s - ring of flight
MPRegen  0.18/turn              u - ring of magical power

@: no status effects
A: no striking features
a: Heroism, Renounce Religion, Evoke Flight


You were on level 8 of the Dungeon.
You worshipped Okawaru.
Okawaru was aware of your devotion.
You were not hungry.

You visited 2 branches of the dungeon, and saw 9 of its levels.
You also visited: Sewer.

You collected 332 gold pieces.
You spent 224 gold pieces at shops.

Inventory:

Hand Weapons
 a - a +3 scimitar of holy wrath (weapon)
Missiles
 c - a throwing net (quivered)
 h - 108 stones
 v - 65 sling bullets
 B - 5 poisoned darts
Armour
 n - a +2 pair of boots (worn)
 x - a +0 helmet (worn)
 A - a +0 tower shield (worn)
 E - a +1 helmet
 G - a +0 plate armour (worn)
Jewellery
 s - a ring of flight (left hand)
 u - a ring of magical power (right hand)
Wands
 q - a wand of disintegration (11)
 w - a wand of polymorph (5)
 I - a wand of digging (3)
 K - a wand of flame (15)
Scrolls
 k - a scroll of teleportation {!r}
 m - a scroll of blinking {!r}
 y - 3 scrolls of remove curse {!r}
 D - a scroll of enchant weapon {!r}
 F - 2 scrolls of fog {!r}
 H - a scroll of enchant armour {!r}
 L - a scroll of identify {!r}
Potions
 b - a potion of invisibility {!q}
 d - 4 potions of curing {!q}
 e - a potion of cancellation {!q}
 g - 5 potions of brilliance {!q}
 i - a potion of heal wounds {!q}
 j - 2 potions of might {!q}
 o - a potion of magic {!q}
 p - 2 potions of flight {!q}
 r - 2 potions of haste {!q}
 t - 2 potions of mutation {!q}
 z - a potion of stabbing {!q}
 J - a potion of resistance {!q, unknown}
Comestibles
 f - 7 rations
 C - a chunk of flesh


   Skills:
 - Level 3.0 Fighting
 * Level 11.3 Long Blades
 - Level 3.0 Armour
 - Level 3.0 Dodging
 - Level 3.0 Shields
 - Level 3.0 Evocations


You had 8 spell levels left.
You didn't know any spells.
Your spell library contained the following spells:

 Spells                   Type           Power        Failure   Level  Hunger
 Foxfire                  Conj/Fire      #...         100%        1    ##.....
 Summon Small Mammal      Summ           #...         100%        1    ##.....
 Call Imp                 Summ           #.......     100%        2    ###....
 Call Canine Familiar     Summ           #.......     100%        3    ####...
 Conjure Flame            Conj/Fire      #.......     100%        3    ####...
 Inner Flame              Hex/Fire       #.......     100%        3    ####...
 Summon Guardian Golem    Hex/Summ       #.......     100%        3    ####...
 Sticky Flame             Conj/Fire      #.......     100%        4    #####..
 Summon Ice Beast         Ice/Summ       #.......     100%        4    #####..
 Summon Lightning Spire   Summ/Air       #.......     100%        4    #####..
 Fireball                 Conj/Fire      #.........   100%        5    ######.


Dungeon Overview and Level Annotations

Branches:
Dungeon (8/15)             Temple (1/1) D:7           Sewer (visited)
   Lair: D:8-11

Altars:
Ashenzari
Cheibriados
Dithmenos
Elyvilon
Fedhas
Gozag
Hepliaklqana
Kikubaaqudgha
Nemelex Xobeh
Okawaru
Qazlal
Ru
Sif Muna
Uskayaw
Vehumet
Wu Jian
Xom
Yredelemnul
Zin
The Shining One

Shops:
D:6 (

Annotations:
D:6 exclusion: downstairs


Message History

The orc wizard blinks!
Your shield and plate armour prevent you from hitting the orc warrior.
The orc warrior is moderately wounded.
You block the orc warrior's attack.
Your plate armour prevents you from hitting the orc warrior.
The orc warrior is moderately wounded.
You block the orc warrior's attack.
You hit the orc warrior but do no damage.
The orc warrior is moderately wounded.
Your shield and plate armour prevent you from hitting the orc warrior.
The orc warrior is moderately wounded.
You block the orc warrior's attack.
You hit the orc warrior but do no damage.
The orc warrior is moderately wounded.
The orc warrior hits you with a +0 dire flail.
You slash the orc warrior!
The orc warrior is heavily wounded.
Your shield and plate armour prevent you from hitting the orc warrior.
The orc warrior is heavily wounded.
The orc wizard casts a spell.
The orc wizard seems to speed up.
You block the orc warrior's attack.
You hit the orc warrior but do no damage.
The orc warrior is heavily wounded.
The orc wizard mumbles some strange words.
The orc wizard blinks!
You block the orc warrior's attack.
You hit the orc warrior.
The orc warrior is severely wounded.
You completely miss the orc warrior.
The orc warrior is severely wounded.
The orc warrior hits you with a +0 dire flail!!
Your plate armour prevents you from hitting the orc warrior.
The orc warrior is severely wounded.
The orc warrior is no longer moving slowly.
You block the orc warrior's attack.
You closely miss the orc warrior.
The orc warrior is severely wounded.
The orc warrior looks more healthy.
The orc warrior hits you with a +0 dire flail!
* * * LOW HITPOINT WARNING * * *
Your shield and plate armour prevent you from hitting the orc warrior.
The orc warrior is almost dead.
You hit the orc warrior but do no damage.
The orc warrior is almost dead.
The orc warrior hits you with a +0 dire flail!
* * * LOW HITPOINT WARNING * * *
You are too injured to fight recklessly!
You are too injured to fight recklessly!
Unknown command.
You closely miss the orc warrior.
The orc warrior is almost dead.
The orc warrior hits you but does no damage.
Unknown command.
Evoke which item? (* to show all) (? for menu, Esc to quit)
Okay, then.
Evoke which item? (* to show all) (? for menu, Esc to quit)
Aiming: Throw Flame
Press: ? - help, Shift-Dir - straight line, f/p - orc warrior
Aim: an orc warrior, wielding a +0 dire flail and wearing a +0 plate armour (almost dead)
The puff of flame hits the orc warrior!
You kill the orc warrior!
Okawaru accepts your kill.
The orc wizard points at you and mumbles some strange words.
The magic dart hits you!
You die...

...........#
.#######.#.#
.#######.#.#
...........#
########.#.#####
########.......#
.########...............
.......>...)............
######@#######.....##.#
#)# #.....##..
.###.##o## #.....##.#
y...o....# ####.....#
####.##..# #####'###.. #
#..# ###......##.. #...
.........''..
##.#####......##.. .#
#.....)##..


You could see an orc wizard (fast).

Vanquished Creatures
  Harold (D:7)
  Menkaure (D:5)
  2 phantoms (D:6)
  A sky beast (D:7)
  3 orc warriors
  A necrophage (Sewer)
  2 centaurs
  2 big kobolds (Sewer)
  2 bullfrogs (D:7)
  2 centaur zombies
  A crimson imp (D:6)
  2 bullfrog zombies (D:6)
  5 orc priests
  5 orc wizards
  A bullfrog skeleton (D:3)
  6 worker ants
  5 iguanas
  A big kobold zombie (Sewer)
  A mummy (D:5)
  2 worker ant zombies
  6 gnolls
  9 adders
  A river rat (D:4)
  4 shadow imps
  A white imp (Sewer)
  4 ufetubi (Sewer)
  2 oozes (Sewer)
  3 dart slugs
  7 leopard geckos
  20 orcs
  6 giant cockroaches
  9 goblins
  8 hobgoblins
  21 jackals
  3 quokkas
  5 ball pythons
  8 bats
  8 frilled lizards
  22 kobolds
  A kobold zombie (Sewer)
  10 rats
204 creatures vanquished.

Notes
Turn   | Place    | Note
-------+----------+-------------------------------------------
     0 | D:1      | Amnesiac the Deep Elf Fighter began the quest for the Orb.
     0 | D:1      | Reached XP level 1. HP: 13/13 MP: 3/3
   115 | D:1      | Reached skill level 2 in Long Blades
   343 | D:1      | Reached XP level 2. HP: 15/18 MP: 4/4
   981 | D:2      | Found a faded altar of an unknown god.
  1036 | D:2      | Reached XP level 3. HP: 22/22 MP: 5/5
  1212 | D:2      | Reached skill level 3 in Long Blades
  1611 | D:3      | Reached skill level 1 in Dodging
  1611 | D:3      | Reached XP level 4. HP: 18/27 MP: 6/6
  2326 | D:3      | Reached skill level 4 in Long Blades
  2357 | D:3      | Found a sparkling altar of Nemelex Xobeh.
  2623 | D:3      | Reached XP level 5. HP: 31/31 MP: 7/7
  3487 | D:4      | Reached skill level 1 in Evocations
  3541 | D:4      | Found a glowing drain.
  3546 | Sewer    | Entered a sewer
  4025 | Sewer    | Reached XP level 6. HP: 21/36 MP: 9/9
  4144 | Sewer    | Found an ancient bone altar of Kikubaaqudgha.
  4378 | Sewer    | Noticed Grinder
  4398 | Sewer    | Reached skill level 5 in Long Blades
  4419 | Sewer    | Noticed Grinder
  4419 | Sewer    | Grinder changed into Grinder the white imp
  4421 | Sewer    | Killed Grinder the white imp
  4594 | Sewer    | Reached XP level 7. HP: 33/40 MP: 11/11
  5546 | D:5      | Entered Level 5 of the Dungeon
  5752 | D:5      | Reached skill level 6 in Long Blades
  6078 | D:5      | Found an ancient bone altar of Kikubaaqudgha.
  6618 | D:5      | Found a snail-covered altar of Cheibriados.
  7076 | D:6      | Reached skill level 7 in Long Blades
  7213 | D:6      | Reached XP level 8. HP: 29/46 MP: 12/12
  7531 | D:5      | Noticed Menkaure
  7538 | D:5      | Killed Menkaure
  8172 | D:7      | Reached skill level 8 in Long Blades
  8515 | D:6      | Found Olaotwif's Antique Weapon Boutique.
  8558 | D:6      | Bought a glowing scimitar for 224 gold pieces
  8571 | D:6      | Reached skill level 9 in Long Blades
  8990 | D:6      | Reached XP level 9. HP: 10/50 MP: 13/13
  9441 | D:7      | Noticed Harold
  9612 | D:7      | Found a shadowy altar of Dithmenos.
  9613 | D:7      | Found a hazy altar of Hepliaklqana.
  9689 | D:7      | Found an ornate altar of the Wu Jian Council.
  9825 | D:7      | Found a staircase to the Ecumenical Temple.
  9834 | Temple   | Entered the Ecumenical Temple
  9885 | Temple   | Became a worshipper of Warmaster Okawaru
 10108 | D:7      | Reached skill level 10 in Long Blades
 10407 | D:7      | Killed Harold
 10407 | D:7      | Reached * piety under Okawaru
 10407 | D:7      | Reached skill level 11 in Long Blades
 10765 | D:8      | Killed from afar by an orc wizard

Illustrated notes

Levels and vault maps discovered:
D:1:      wander_arrival_lonely_grave, layout_loops_cross, columned_hall_lemuel
D:2:      layout_loops_cross, chequers_ecumenical_altar_simple_redux
D:3:      layout_basic, lemuel_coloured_pillars_altar, first_ration
D:4:      layout_basic, gup_sewer_entry_bowl
D:5:      layout_gridville, kennysheep_mini, slow_altar_1, minmay_lizard_king,
          uniq_menkaure
D:6:      layout_basic, serial_shops, nicolae_shop_overgrown_old_shop
D:7:      layout_loops_corners, nicolae_overflow_hidden_temple,
          minmay_temple_entry_mini_moons, uniq_harold
D:8:      layout_basic, special_room [special_room_orc], uniq_maurice
Temple:   zaba_magenta_temple

Skill      XL: |  1  2  3  4  5  6  7  8  9 |
---------------+----------------------------+-----
Long Blades    | 2 3 4 5 7 9 11 | 11.3
Shields        | 3 |  3.0
Dodging        | 1 2 3 |  3.0
Evocations     | 1 2 3 |  3.0
Fighting       | 3 |  3.0
Armour         | 3 |  3.0

Action                   |  1- 3 |  4- 6 |  7- 9 || total
-------------------------+-------+-------+-------++-------
Melee: Long sword        |   129 |   303 |   294 ||   726
       Scimitar          |       |       |   161 ||   161
Throw: Stone             |    35 |    52 |    39 ||   126
       Dart              |    13 |    48 |    81 ||   142
       Throwing net      |       |       |     1 ||     1
Evoke: Wand              |       |     3 |     5 ||     8
  Use: Scroll            |     2 |     4 |    10 ||    16
       Potion            |       |    10 |     4 ||    14
 Stab: Held in net/web   |       |       |     1 ||     1
  Eat: Chunk             |     2 |     8 |    16 ||    26
       Ration            |       |     1 |     1 ||     2
Armor: Scale mail        |    63 |       |       ||    63
       Ring mail         |     1 |   211 |   115 ||   327
       Plate armour      |       |       |    42 ||    42
Dodge: Dodged            |    40 |   174 |    89 ||   303
Block: Kite shield       |    71 |   186 |    18 ||   275
       Tower shield      |       |       |   266 ||   266
       Rpst.: Long sword |    16 |    42 |    22 ||    80
       Scimitar          |       |       |     3 ||     3

Table legend:
 A = Non-vault XP
 B = Vault XP
 C = Vault XP percentage of total XP
 D = Non-vault monster count
 E = Vault monster count
 F = Vault count percentage of total count
                 A         B        C        D         E       F
            +---------+---------+-------+---------+---------+-------
      Total |    2692 |    1715 |  38.9 |     154 |      50 |  24.5
            +---------+---------+-------+---------+---------+-------
        D:1 |      35 |       0 |   0.0 |      21 |       0 |   0.0
        D:2 |      68 |       0 |   0.0 |      21 |       0 |   0.0
        D:3 |     121 |       0 |   0.0 |      32 |       0 |   0.0
        D:4 |     170 |      20 |  10.5 |       9 |       4 |  30.8
        D:5 |     528 |     225 |  29.9 |      31 |      11 |  26.2
        D:6 |    1051 |       0 |   0.0 |      25 |       0 |   0.0
        D:7 |     486 |    1018 |  67.7 |      10 |       1 |   9.1
        D:8 |     233 |       0 |   0.0 |       5 |       0 |   0.0
      Sewer |       0 |     452 | 100.0 |       0 |      34 | 100.0
            +---------+---------+-------+---------+---------+-------
